[Event "47° Campionato Italiano Assoluto ASCID"]
[Site "Montesilvano (PE)"]
[Date "2019.09.05"]
[Round "6"]
[White "Badano, Giancarlo"]
[Black "Casadei, Marco"]
[Result "1/2-1/2"]
[Board "1"]
[WhiteElo "1852"]
[BlackElo "1931"]
[TimeControl "40/6000+30:1200+30"]
[ECO "B24"]
[Opening "Sicilian"]
[Variation "closed"]
[PlyCount "39"]
[EventDate "2019.09.01"]
[EventRounds "7"]
[EventCountry "ITA"]
[Annotator "Bersca0.53"]

1. e4 c5 2. Nc3 Nc6 3. g3 g6 4. Bg2 Bg7 5. f4 d6 6. Nf3 e6 7. O-O Nge7 8. d3 O-O
9. g4 f5 10. exf5 exf5 11. g5 Be6 12. Re1 Qd7 13. Be3 Nd5 14. Nxd5 Bxd5 15. c3
Qf7 16. a3 Rfe8 17. Qc2 Kf8 18. Bf2 Rxe1+ 19. Rxe1 Re8 20. Rxe8+ 1/2-1/2

[Event "47° Campionato Italiano Assoluto ASCID"]
[Site "Montesilvano (PE)"]
[Date "2019.09.05"]
[Round "6"]
[White "Vrioni, Bersan"]
[Black "Murgia, Stefano"]
[Result "1-0"]
[Board "2"]
[WhiteElo "1930"]
[BlackElo "1603"]
[TimeControl "40/6000+30:1200+30"]
[ECO "B10"]
[Opening "Caro-Kann"]
[Variation "anti-anti-Caro-Kann defence"]
[PlyCount "61"]
[EventDate "2019.09.01"]
[EventRounds "7"]
[EventCountry "ITA"]
[Annotator "Bersca0.53"]

1. e4 c6 2. c4 d5 3. exd5 cxd5 4. cxd5 Nf6 5. Nc3 Nxd5 6. d4 Nc6 7. Nf3 Bg4 8.
Be2 e6 9. O-O Be7 10. h3 Bh5 11. a3 O-O 12. Ne4 Qb6 13. g4 Bg6 14. Nc3 Rad8 15.
Qa4 a6 16. Rd1 Qc7 17. Nxd5 Rxd5 18. Be3 f5 19. Rac1 f4 20. Bd2 Qd6 21. Bc3 h5
22. Ne5 Be8 23. Qc2 Rf6 24. Nxc6 Bxc6 25. Bf3 hxg4 26. hxg4 Rg5 27. d5 Rfg6 28.
dxc6 Rxg4+ 29. Kf1 Qc7 30. cxb7 Qc4+ 31. Qd3 1-0

[Event "47° Campionato Italiano Assoluto ASCID"]
[Site "Montesilvano (PE)"]
[Date "2019.09.05"]
[Round "6"]
[White "Pugliese, Giuseppe Franco"]
[Black "Zenini, Simone"]
[Result "1-0"]
[Board "3"]
[WhiteElo "1613"]
[BlackElo "1458"]
[TimeControl "40/6000+30:1200+30"]
[ECO "C42"]
[Opening "Petrov three knights game"]
[PlyCount "49"]
[EventDate "2019.09.01"]
[EventRounds "7"]
[EventCountry "ITA"]
[Annotator "Bersca0.53"]

1. e4 e5 2. Nf3 Nf6 3. Nc3 Nc6 4. a3 Be7 5. d4 exd4 6. Nxd4 d6 7. Be2 O-O 8. O-O
Re8 9. f4 Bf8 10. Bf3 Nxd4 11. Qxd4 Bg4 12. Qf2 Bxf3 13. Qxf3 Be7 14. Be3 Nd7
15. Nd5 Nf6 16. Nc3 Rf8 17. Rad1 Qe8 18. Rfe1 Qc6 19. e5 Qxf3 20. gxf3 dxe5 21.
fxe5 Ne8 22. Rd7 Bg5 23. Bc5 Bh4 24. Red1 Bg5 25. Bxf8 1-0

[Event "47° Campionato Italiano Assoluto ASCID"]
[Site "Montesilvano (PE)"]
[Date "2019.09.05"]
[Round "6"]
[White "Sommadossi, Roberto"]
[Black "Battaglia, Gabriele"]
[Result "1-0"]
[Board "4"]
[WhiteElo "1438"]
[BlackElo "1382"]
[TimeControl "40/6000+30:1200+30"]
[ECO "B33"]
[Opening "Sicilian defence"]
[PlyCount "53"]
[EventDate "2019.09.01"]
[EventRounds "7"]
[EventCountry "ITA"]
[Annotator "Bersca0.53"]

1. e4 c5 2. Nf3 Nc6 3. d4 cxd4 4. Nxd4 Nf6 5. Nc3 a6 6. Be2 d6 7. Be3 g6 8. Qd2
Ng4 9. Bxg4 Bxg4 10. f3 Bd7 11. O-O-O Bg7 12. Nb3 O-O 13. Bh6 Na5 14. Bxg7 Nxb3+
15. axb3 Kxg7 16. h4 h5 17. g4 Qa5 18. Kb1 Be6 19. gxh5 Qxh5 20. f4 Bg4 21. Rdg1
f5 22. Nd5 Bf3 23. Rg5 Qh6 24. Rhg1 Kf7 25. Rxg6 Qxh4 26. Rg7+ Ke6 27. Nc7+ 1-0

[Event "47° Campionato Italiano Assoluto ASCID"]
[Site "Montesilvano (PE)"]
[Date "2019.09.05"]
[Round "6"]
[White "Marinò, Giuseppe"]
[Black "Raffi, Francesco"]
[Result "0-1"]
[Board "5"]
[WhiteElo "1406"]
[BlackElo "1315"]
[TimeControl "40/6000+30:1200+30"]
[ECO "B51"]
[Opening "Sicilian"]
[Variation "Canal-Sokolsky (Nimzovich-Rossolimo, Moscow) attack"]
[PlyCount "28"]
[EventDate "2019.09.01"]
[EventRounds "7"]
[EventCountry "ITA"]
[Annotator "Bersca0.53"]

1. e4 c5 2. Nf3 d6 3. Bb5+ Nc6 4. Bxc6+ bxc6 5. O-O Nf6 6. d3 e5 7. Bg5 Be7 8.
c3 h6 9. Bxf6 gxf6 10. Nbd2 Rg8 11. d4 cxd4 12. cxd4 Bh3 13. dxe5 Bxg2 14. exf6
Bxf3# 0-1

[Event "47° Campionato Italiano Assoluto ASCID"]
[Site "Montesilvano (PE)"]
[Date "2019.09.05"]
[Round "6"]
[White "Scatà, Laura"]
[Black "Pezzolato, Erica"]
[Result "0-1"]
[Board "6"]
[WhiteElo "1424"]
[BlackElo "1447"]
[TimeControl "40/6000+30:1200+30"]
[ECO "B07"]
[Opening "Pirc defence"]
[PlyCount "82"]
[EventDate "2019.09.01"]
[EventRounds "7"]
[EventCountry "ITA"]
[Annotator "Bersca0.53"]

1. e4 d6 2. d4 Nf6 3. Nc3 g6 4. f3 Bg7 5. Be3 O-O 6. Qd2 e5 7. d5 a5 8. O-O-O
Na6 9. Bh6 b5 10. h4 Bd7 11. g4 b4 12. Nce2 Nc5 13. h5 Rc8 14. hxg6 fxg6 15.
Bxg7 Kxg7 16. Qh6+ Kg8 17. Bh3 Qe7 18. g5 Qg7 19. Qxg7+ Kxg7 20. gxf6+ Rxf6 21.
Bxd7 Nxd7 22. f4 exf4 23. Nf3 Nc5 24. e5 dxe5 25. Nxe5 Ne4 26. Rd4 Ng3 27. Nxg3
fxg3 28. Rg4 Rd8 29. Rd1 Re8 30. Nc6 Ref8 31. Rxg3 Rf1 32. Rxf1 Rxf1+ 33. Kd2
Rf5 34. Rd3 Rf2+ 35. Kc1 Rf1+ 36. Rd1 Rxd1+ 37. Kxd1 h5 38. Nxa5 h4 39. Nc4 h3
40. Ne3 h2 41. Nf1 h1=Q 0-1

[Event "47° Campionato Italiano Assoluto ASCID"]
[Site "Montesilvano (PE)"]
[Date "2019.09.05"]
[Round "6"]
[White "Rivalta, Paolo"]
[Black "Delmonte, Davide"]
[Result "1-0"]
[Board "7"]
[WhiteElo "1440"]
[BlackElo "1284"]
[TimeControl "40/6000+30:1200+30"]
[ECO "B01"]
[Opening "Scandinavian (centre counter) defence"]
[PlyCount "41"]
[EventDate "2019.09.01"]
[EventRounds "7"]
[EventCountry "ITA"]
[Annotator "Bersca0.53"]

1. e4 d5 2. exd5 Qxd5 3. Nc3 Qa5 4. d4 Bf5 5. Bd2 Nf6 6. Nb5 Qb6 7. c4 Nbd7 8.
c5 Qe6+ 9. Ne2 Bd3 10. Nxc7+ Kd8 11. Nxe6+ fxe6 12. Nf4 Be4 13. Nxe6+ Ke8 14.
Qb3 Nb6 15. cxb6 axb6 16. Nc7+ Kd7 17. Nxa8 e6 18. Nxb6+ Kd6 19. Bf4+ e5 20.
Bxe5+ Kc6 21. Qb5# 1-0

[Event "47° Campionato Italiano Assoluto ASCID"]
[Site "Montesilvano (PE)"]
[Date "2019.09.05"]
[Round "6"]
[White "Gelmini, Marina Chiara"]
[Black "Bosetti, Giancarlo"]
[Result "0-1"]
[Board "8"]
[WhiteElo "1440"]
[BlackElo "1335"]
[TimeControl "40/6000+30:1200+30"]
[ECO "C20"]
[Opening "KP"]
[Variation "Lopez opening"]
[PlyCount "50"]
[EventDate "2019.09.01"]
[EventRounds "7"]
[EventCountry "ITA"]
[Annotator "Bersca0.53"]

1. e4 e5 2. c3 d5 3. d3 Nf6 4. Nf3 Bd6 5. Be2 Nbd7 6. c4 dxe4 7. dxe4 Nxe4 8.
O-O Ndf6 9. Bd3 Bf5 10. Qe1 O-O 11. Bxe4 Bxe4 12. Nbd2 Bd3 13. c5 Bxc5 14. a3
Bxf1 15. Nxf1 e4 16. Ng5 Re8 17. Ng3 Bd6 18. f4 Bc5+ 19. Be3 Bxe3+ 20. Qxe3 Qd3
21. Qe1 e3 22. Rc1 Rad8 23. Nf3 Nd5 24. Rc5 Nxf4 25. h4 e2 0-1

[Event "47° Campionato Italiano Assoluto ASCID"]
[Site "Montesilvano (PE)"]
[Date "2019.09.05"]
[Round "6"]
[White "Prada, Susanna"]
[Black "Gamba, Annamaria"]
[Result "0-1"]
[Board "9"]
[WhiteElo "1440"]
[BlackElo "1006"]
[TimeControl "40/6000+30:1200+30"]
[ECO "B30"]
[Opening "Sicilian defence"]
[PlyCount "33"]
[EventDate "2019.09.01"]
[EventRounds "7"]
[EventCountry "ITA"]
[Annotator "Bersca0.53"]

1. e4 c5 2. Nf3 Nc6 3. Nc3 e5 4. Bc4 Be7 5. O-O h6 6. d3 Nf6 7. Qd2 O-O 8. b3 d6
9. Ne2 Bg4 10. Nh4 Nh5 11. h3 Bg5 12. Nf5 Bxd2 13. Bxd2 Bxe2 14. Rfe1 Nd4 15. c3
Nc2 16. Rac1 Nxe1 17. Rxe1 0-1

[Event "47° Campionato Italiano Assoluto ASCID"]
[Site "Montesilvano (PE)"]
[Date "2019.09.05"]
[Round "6"]
[White "Tolaro, Filippa"]
[Black "Trapletti, Cosetta"]
[Result "0-1"]
[Board "10"]
[WhiteElo "1362"]
[BlackElo "1248"]
[TimeControl "40/6000+30:1200+30"]
[ECO "D00"]
[Opening "Queen's pawn, Mason variation"]
[PlyCount "112"]
[EventDate "2019.09.01"]
[EventRounds "7"]
[EventCountry "ITA"]
[Annotator "Bersca0.53"]

1. d4 d5 2. Bf4 Nf6 3. Nf3 e6 4. e3 c5 5. c3 Nc6 6. Nbd2 Bd6 7. Bg5 O-O 8. h3
Qc7 9. Bd3 e5 10. dxe5 Nxe5 11. Bxf6 Nxd3+ 12. Ke2 Nxb2 13. Qc2 Nc4 14. Nxc4
dxc4 15. Bh4 h6 16. Qe4 b5 17. Rab1 Bb7 18. Qg4 Rae8 19. g3 Be4 20. Rxb5 Bd3+
21. Kd1 Qc6 22. Ra5 a6 23. Ra3 Be4 24. Kd2 Qd5+ 25. Nd4 Bxh1 26. Rxa6 Be5 27.
Ke2 Bxd4 28. cxd4 Bf3+ 29. Qxf3 Qxf3+ 30. Kxf3 g5 31. Rxh6 Re6 32. Rh5 gxh4 33.
Rg5+ Rg6 34. Kg4 f6 35. Rxg6+ Kf7 36. Kf5 c3 37. Rxf6+ Ke7 38. Rxf8 Kxf8 39. Kf6
hxg3 40. fxg3 c2 41. dxc5 c1=Q 42. e4 Qe3 43. e5 Qxc5 44. g4 Qe7+ 45. Kf5 Qf7+
46. Ke4 Kg7 47. a4 Qc4+ 48. Kf5 Qd3+ 49. Kf4 Qd4+ 50. Kf5 Qc5 51. h4 Qf2+ 52.
Kg5 Kf7 53. a5 Qc5 54. Kh5 Qxe5+ 55. Kh6 Qg7+ 56. Kh5 Qg6# 0-1

[Event "47° Campionato Italiano Assoluto ASCID"]
[Site "Montesilvano (PE)"]
[Date "2019.09.06"]
[Round "7"]
[White "Pugliese, Giuseppe Franco"]
[Black "Vrioni, Bersan"]
[Result "0-1"]
[Board "1"]
[WhiteElo "1613"]
[BlackElo "1930"]
[TimeControl "40/6000+30:1200+30"]
[ECO "C00"]
[Opening "French"]
[Variation "Pelikan variation"]
[PlyCount "68"]
[EventDate "2019.09.01"]
[EventRounds "7"]
[EventCountry "ITA"]
[Annotator "Bersca0.53"]

1. e4 e6 2. Nc3 d5 3. f4 c5 4. Nf3 Nf6 5. e5 Nfd7 6. g3 a6 7. a4 Nc6 8. b3 Be7
9. Bg2 f5 10. h4 d4 11. Ne2 Nb6 12. d3 Nd5 13. O-O O-O 14. Bd2 a5 15. c3 dxc3
16. Nxc3 Ndb4 17. d4 Nxd4 18. Be3 Ndc2 19. Qxd8 Rxd8 20. Bf2 Nxa1 21. Rxa1 Bd7
22. Nd2 Bc6 23. Nc4 Bxg2 24. Kxg2 Rd3 25. Rc1 Nd5 26. Nxd5 exd5 27. Nb6 Rd8 28.
Bxc5 Bxc5 29. Rxc5 Rxb3 30. Nxd5 b6 31. Ne7+ Kf8 32. Rc7 g6 33. Nc8 Rd2+ 34. Kh3
Rbb2 0-1

[Event "47° Campionato Italiano Assoluto ASCID"]
[Site "Montesilvano (PE)"]
[Date "2019.09.06"]
[Round "7"]
[White "Casadei, Marco"]
[Black "Raffi, Francesco"]
[Result "1-0"]
[Board "2"]
[WhiteElo "1931"]
[BlackElo "1315"]
[TimeControl "40/6000+30:1200+30"]
[ECO "B54"]
[Opening "Sicilian"]
[PlyCount "65"]
[EventDate "2019.09.01"]
[EventRounds "7"]
[EventCountry "ITA"]
[Annotator "Bersca0.53"]

1. e4 c5 2. Nf3 d6 3. d4 cxd4 4. Nxd4 Nc6 5. Nc3 Nf6 6. Bc4 e6 7. Be3 Be7 8. Qe2
O-O 9. O-O-O Nxd4 10. Bxd4 e5 11. Bxe5 Bg4 12. f3 Bh5 13. Nb5 Ne8 14. Rd5 a6 15.
Nxd6 Nxd6 16. Bxd6 Bg6 17. Bxe7 Qxe7 18. h4 b5 19. Bb3 h5 20. Rg5 Kh7 21. g4 f6
22. Rd5 Bf7 23. Rd3 Bxb3 24. Rxb3 hxg4 25. fxg4 Qe5 26. g5 g6 27. Rd3 Rad8 28.
gxf6 Qf4+ 29. Kb1 Qxf6 30. e5 Qe6 31. Qe4 Rf5 32. Rxd8 Rxe5 33. Qb7+ 1-0

[Event "47° Campionato Italiano Assoluto ASCID"]
[Site "Montesilvano (PE)"]
[Date "2019.09.06"]
[Round "7"]
[White "Murgia, Stefano"]
[Black "Badano, Giancarlo"]
[Result "0-1"]
[Board "3"]
[WhiteElo "1603"]
[BlackElo "1852"]
[TimeControl "40/6000+30:1200+30"]
[ECO "A03"]
[Opening "Bird's opening"]
[PlyCount "112"]
[EventDate "2019.09.01"]
[EventRounds "7"]
[EventCountry "ITA"]
[Annotator "Bersca0.53"]

1. f4 d5 2. Nf3 Bf5 3. d3 Nf6 4. g3 c5 5. Bg2 Nc6 6. O-O g6 7. Na3 Bg7 8. c3 Rc8
9. Qe1 O-O 10. h3 h5 11. Nh4 Qd7 12. Nxf5 gxf5 13. e4 dxe4 14. dxe4 Nxe4 15.
Bxe4 fxe4 16. Qxe4 Qxh3 17. Rf2 Rfd8 18. Be3 b6 19. f5 Ne5 20. Raf1 Qg4 21. Qg2
Rd1 22. Nc2 Rxf1+ 23. Rxf1 Rd8 24. Kh2 h4 25. Bf4 hxg3+ 26. Bxg3 Rd3 27. Ne1 Re3
28. Rf4 Re2 29. Rxg4 Nxg4+ 30. Kh3 Rxg2 31. Nxg2 Ne5 32. Ne3 Nd3 33. Bb8 Nxb2
34. Bxa7 Bxc3 35. Bxb6 Bb4 36. Nd5 e6 37. fxe6 fxe6 38. Ne7+ Kf7 39. Nc6 Ba3 40.
Kg3 Na4 41. Ne5+ Kf6 42. Nc4 Bc1 43. Kf3 Kf5 44. Bc7 Bh6 45. Bb8 Bg7 46. Bf4 e5
47. Be3 Bf8 48. Bf2 e4+ 49. Ke3 Bh6+ 50. Ke2 Ke6 51. Be1 Kd5 52. Ne3+ Bxe3 53.
Kxe3 c4 54. Bb4 c3 55. Ba3 Nb2 56. Ke2 Ke5 0-1

[Event "47° Campionato Italiano Assoluto ASCID"]
[Site "Montesilvano (PE)"]
[Date "2019.09.06"]
[Round "7"]
[White "Pezzolato, Erica"]
[Black "Sommadossi, Roberto"]
[Result "1-0"]
[Board "4"]
[WhiteElo "1447"]
[BlackElo "1438"]
[TimeControl "40/6000+30:1200+30"]
[ECO "A20"]
[Opening "English opening"]
[PlyCount "93"]
[EventDate "2019.09.01"]
[EventRounds "7"]
[EventCountry "ITA"]
[Annotator "Bersca0.53"]

1. c4 e5 2. d3 d6 3. Nf3 Nf6 4. g3 Bd7 5. Bg2 e4 6. dxe4 Nxe4 7. O-O Qc8 8. Nbd2
Nf6 9. b3 Bh3 10. Bb2 Bxg2 11. Kxg2 Nc6 12. Qc2 Qe6 13. e3 O-O-O 14. Rfe1 Nb4
15. Qc3 d5 16. cxd5 Nfxd5 17. Qe5 Qxe5 18. Nxe5 Nc2 19. Red1 Nxa1 20. Nxf7 Nxe3+
21. fxe3 Bb4 22. Nxd8 Rxd8 23. Bxa1 g6 24. Bd4 c5 25. Rc1 Bxd2 26. Rxc5+ Kb8 27.
Rc2 Ba5 28. Bf6 Rd7 29. Be5+ Bc7 30. Bxc7+ Rxc7 31. Rxc7 Kxc7 32. Kf3 Kd6 33.
Kf4 h6 34. h3 a6 35. h4 b5 36. g4 a5 37. a3 Ke6 38. Ke4 Kf6 39. Kd5 h5 40. g5+
Kf5 41. e4+ Kg4 42. e5 Kxh4 43. e6 Kxg5 44. e7 h4 45. e8=Q h3 46. Qxb5 h2 47.
Qf1 1-0

[Event "47° Campionato Italiano Assoluto ASCID"]
[Site "Montesilvano (PE)"]
[Date "2019.09.06"]
[Round "7"]
[White "Zenini, Simone"]
[Black "Rivalta, Paolo"]
[Result "1-0"]
[Board "5"]
[WhiteElo "1458"]
[BlackElo "1440"]
[TimeControl "40/6000+30:1200+30"]
[ECO "A80"]
[Opening "Dutch"]
[PlyCount "59"]
[EventDate "2019.09.01"]
[EventRounds "7"]
[EventCountry "ITA"]
[Annotator "Bersca0.53"]

1. d4 f5 2. Nf3 e6 3. c4 Nc6 4. Nc3 d6 5. e3 Nf6 6. d5 exd5 7. Nxd5 Nxd5 8. Qxd5
Qe7 9. Be2 Be6 10. Qd3 Qf7 11. Ng5 Qg6 12. Nxe6 Qxe6 13. Qb3 O-O-O 14. Bf3 Na5
15. Qb5 Nc6 16. Bxc6 bxc6 17. Qxc6 Kb8 18. b4 f4 19. O-O g5 20. exf4 g4 21. Be3
Bg7 22. Rae1 Qh6 23. Qa6 c5 24. a3 Bd4 25. bxc5 Bxe3 26. Rxe3 Rhg8 27. Rb1+ Kc7
28. Re7+ Rd7 29. Qb7+ Kd8 30. Qxd7# 1-0

[Event "47° Campionato Italiano Assoluto ASCID"]
[Site "Montesilvano (PE)"]
[Date "2019.09.06"]
[Round "7"]
[White "Battaglia, Gabriele"]
[Black "Marinò, Giuseppe"]
[Result "1-0"]
[Board "6"]
[WhiteElo "1382"]
[BlackElo "1406"]
[TimeControl "40/6000+30:1200+30"]
[ECO "A00"]
[Opening "Benko's opening"]
[PlyCount "45"]
[EventDate "2019.09.01"]
[EventRounds "7"]
[EventCountry "ITA"]
[Annotator "Bersca0.53"]

1. g3 d5 2. Bg2 Bf5 3. Nf3 e6 4. O-O Bd6 5. d3 Qd7 6. Nbd2 e5 7. c4 c6 8. cxd5
cxd5 9. Re1 e4 10. Nd4 Bh3 11. Bh1 Nf6 12. dxe4 Bb4 13. exd5 Nxd5 14. e4 Bg4 15.
exd5+ Kd8 16. Qb3 Bc5 17. d6 Na6 18. Qxb7 Qxb7 19. Bxb7 Kd7 20. Bxa8 Bxd4 21.
Re7+ Kxd6 22. Re4 Kc5 23. Nb3+ 1-0

[Event "47° Campionato Italiano Assoluto ASCID"]
[Site "Montesilvano (PE)"]
[Date "2019.09.06"]
[Round "7"]
[White "Bosetti, Giancarlo"]
[Black "Gamba, Annamaria"]
[Result "1-0"]
[Board "7"]
[WhiteElo "1335"]
[BlackElo "1006"]
[TimeControl "40/6000+30:1200+30"]
[ECO "B32"]
[Opening "Sicilian"]
[Variation "Labourdonnais-Loewenthal variation"]
[PlyCount "31"]
[EventDate "2019.09.01"]
[EventRounds "7"]
[EventCountry "ITA"]
[Annotator "Bersca0.53"]

1. e4 c5 2. Nf3 Nc6 3. d4 cxd4 4. Nxd4 e5 5. Nf3 Nf6 6. Nbd2 Bc5 7. Bc4 d5 8.
exd5 Nxd5 9. Bxd5 Qxd5 10. O-O O-O 11. Re1 e4 12. c4 Qd3 13. Nxe4 Re8 14. Qxd3
Rd8 15. Qc2 Bf5 16. Qe2 1-0

[Event "47° Campionato Italiano Assoluto ASCID"]
[Site "Montesilvano (PE)"]
[Date "2019.09.06"]
[Round "7"]
[White "Trapletti, Cosetta"]
[Black "Delmonte, Davide"]
[Result "0-1"]
[Board "8"]
[WhiteElo "1248"]
[BlackElo "1284"]
[TimeControl "40/6000+30:1200+30"]
[ECO "A46"]
[Opening "Queen's pawn game"]
[PlyCount "46"]
[EventDate "2019.09.01"]
[EventRounds "7"]
[EventCountry "ITA"]
[Annotator "Bersca0.53"]

1. d4 Nf6 2. Nf3 e6 3. c3 d5 4. Bf4 b6 5. Nbd2 Ba6 6. e3 Bxf1 7. Rxf1 Nbd7 8.
Qc2 c5 9. h3 Rc8 10. dxc5 Bxc5 11. a3 e5 12. Bg3 O-O 13. c4 Re8 14. e4 dxe4 15.
Nxe4 Nxe4 16. Qxe4 Nf6 17. Bh4 Qd7 18. Nxe5 Qe6 19. Rd1 Nxe4 20. Rd2 Qxe5 21.
Re2 Rcd8 22. Bxd8 Rxd8 23. f3 Qg3+ 0-1

[Event "47° Campionato Italiano Assoluto ASCID"]
[Site "Montesilvano (PE)"]
[Date "2019.09.06"]
[Round "7"]
[White "Prada, Susanna"]
[Black "Scatà, Laura"]
[Result "0-1"]
[Board "9"]
[WhiteElo "1440"]
[BlackElo "1424"]
[TimeControl "40/6000+30:1200+30"]
[ECO "B10"]
[Opening "Caro-Kann defence"]
[PlyCount "62"]
[EventDate "2019.09.01"]
[EventRounds "7"]
[EventCountry "ITA"]
[Annotator "Bersca0.53"]

1. e4 c6 2. Nf3 d5 3. Nc3 dxe4 4. Nxe4 Bf5 5. d3 Nd7 6. Be2 e6 7. b3 Ngf6 8. Ng3
Bg6 9. Bb2 Bd6 10. Qd2 Qc7 11. c4 a5 12. O-O O-O 13. h3 Qb6 14. d4 Qxb3 15. Bc1
Bb4 16. Qe3 Qxe3 17. Bxe3 Rfb8 18. Rfe1 Bd6 19. d5 cxd5 20. cxd5 Nxd5 21. Rad1
Rc8 22. Ng5 h6 23. Nxf7 Bxf7 24. Bf3 Rc2 25. Bd4 Rac8 26. Re5 Nxe5 27. Bxe5 Bc5
28. Kh2 Bxf2 29. Ne4 Rxa2 30. h4 Ra4 31. Ng3 Rxh4# 0-1

[Event "47° Campionato Italiano Assoluto ASCID"]
[Site "Montesilvano (PE)"]
[Date "2019.09.06"]
[Round "7"]
[White "Tolaro, Filippa"]
[Black "Gelmini, Marina Chiara"]
[Result "1-0"]
[Board "10"]
[WhiteElo "1362"]
[BlackElo "1440"]
[TimeControl "40/6000+30:1200+30"]
[ECO "D00"]
[Opening "Queen's pawn, Mason variation"]
[PlyCount "35"]
[EventDate "2019.09.01"]
[EventRounds "7"]
[EventCountry "ITA"]
[Annotator "Bersca0.53"]

1. d4 d5 2. Bf4 Bf5 3. Nf3 Nc6 4. e3 Nf6 5. c3 e6 6. Nbd2 Be7 7. h3 O-O 8. Be2
Qc8 9. Nh4 b6 10. Nxf5 exf5 11. Be5 Nd7 12. Bd3 Bd6 13. Bh2 f4 14. Qh5 Re8 15.
Qxh7+ Kf8 16. O-O fxe3 17. Rfe1 exd2 18. Qh8# 1-0